 Dungeon Crawl Stone Soup version 0.28.0-53-g5a82cb258f (webtiles) character file.

Game seed: 5436984404805876838

190 Gabide the Skirmisher (level 5, -9/43 HPs)
             Began as a Mummy Berserker on June 15, 2022.
             Was a Believer of Trog.
             Killed from afar by Natasha (18 damage)
             ... with a puff of flame
             ... on level 3 of the Dungeon.
             The game lasted 00:05:21 (3308 turns).

Gabide the Skirmisher (Mummy Berserker)             Turns: 3308, Time: 00:05:22

Health: -9/43      AC:  3    Str: 22    XL:     5   Next: 41%
Magic:  5/5        EV: 12    Int:  7    God:    Trog [**....]
Gold:   110        SH:  0    Dex: 11    Spells: 4/4 levels left

rFire   x . .      SeeInvis .     - Unarmed
rCold   + . .      Faith    .   (no shield)
rNeg    + + +      Spirit   .   j - +0 animal skin
rPois   ∞          Reflect  .   (no helmet)
rElec   .          Harm     .   (no cloak)
rCorr   .          Rampage  .   b - +0 pair of gloves
Will    .....                   (no boots)
Stlth   +.........              (no amulet)
HPRegen 0.14/turn               (no ring)
MPRegen 0.09/turn               (no ring)

@: about to teleport
A: cold resistance 1, negative energy resistance 3, torment resistance 2, heat
vulnerability 1, no potions
a: Renounce Religion, Trog's Hand


You were on level 3 of the Dungeon.
You worshipped Trog.
Trog was pleased with you.
You visited 1 branch of the dungeon, and saw 3 of its levels.

You collected 110 gold pieces.

Inventory:

Hand Weapons
 a - a +0 hunting sling
Missiles
 h - 52 stones (quivered)
Armour
 b - a +0 pair of gloves (worn)
 j - a +0 animal skin (worn)
Wands
 g - a wand of charming (9)
Scrolls
 c - a scroll of magic mapping
 d - a scroll of immolation {unknown}
 e - a scroll of enchant armour {unknown}
 f - a scroll of teleportation
 i - a scroll of identify {unknown}
 k - a scroll of silence
 l - a scroll of vulnerability {unknown}
 m - a scroll of noise {unknown}


   Skills:
 * Level 4.5 Fighting
 - Level 1.5 Armour
 + Level 2.6 Dodging
 * Level 3.6 Unarmed Combat


You had 4 spell levels left.
You didn't know any spells.
Your spell library was empty.

Dungeon Overview and Level Annotations

Branches:
Dungeon (3/15)

Altars:
Okawaru

Shops:
D:1 ?

Annotations:
D:3 Natasha


Innate Abilities, Weirdness & Mutations

You are immune to poison.
Your flesh is cold resistant. (rC+)
You are immune to negative energy. (rN+++)
You are immune to unholy pain and torment.
You are vulnerable to heat. (rF-)
You do not drink.


Message History

Natasha is lightly wounded.
You shoot a stone. The stone closely misses Natasha.
Natasha casts a spell at you. The magic dart hits you.
Natasha mumbles some strange words.
Natasha extends her claws.
Natasha closely misses you.
You are now empty-handed.
Natasha claws you!
You hit Natasha but do no damage.
Natasha is lightly wounded.
You closely miss Natasha. Your punch misses Natasha.
Natasha is lightly wounded.
Natasha barely misses you.
You barely miss Natasha.
Natasha is lightly wounded.
Natasha barely misses you.
The crimson imp hits you but does no damage.
You closely miss Natasha.
Natasha is lightly wounded.
Natasha barely misses you. The crimson imp hits you.
You hit Natasha but do no damage. You punch Natasha, but do no damage.
Natasha is lightly wounded.
Natasha drinks a potion.
Natasha seems to grow stronger.
The crimson imp closely misses you.
You closely miss Natasha.
Natasha is lightly wounded.
Natasha claws you but does no damage. The crimson imp closely misses you.
You hit Natasha.
Natasha is heavily wounded.
Natasha claws you!
Aiming: Charm
Press: ? - help, Shift-Dir - straight line, f - crimson imp, p - Natasha
Aim: a crimson imp (summoned, chance to affect: 31%)
The crimson imp easily resists.
The crimson imp blinks!
Natasha claws you.
* * * LOW HITPOINT WARNING * * *
Unknown command.
As you read the scroll of teleportation, it crumbles to dust.
You feel strangely unstable. Natasha misses you.
Natasha zaps a wand.
The puff of flame hits you!! The fire burns you terribly!
You die...

#.# #######.# #.......#
###########.#####.# ............#
#.############### ....####....#
#................ .....# #.#..#.#
#................
.....###.#.5#.###................
##..>.........h.@...#'##.........
........##..#.§.#.###.#.......#'#
...........((..##...........###.#
......................#.#........
...........#...##................
................#.....#.......#..
.........#.#..###....##.#....###.
.....##†.#......#.##.........###.
.........#......#.##.#.......'.##


You could see Natasha (strong) and a crimson imp (summoned).

Vanquished Creatures
  A jelly (D:2)
  Natasha (twice) (D:3)
  2 adders
  4 gnolls
  3 dart slugs
  An orc (D:3)
  6 endoplasms
  2 giant cockroaches
  5 goblins
  3 hobgoblins
  3 jackals (D:1)
  4 kobolds
  4 ball pythons
  5 bats
  2 frilled lizards
  7 rats
54 creatures vanquished.

Notes
Turn   | Place    | Note
-------+----------+-------------------------------------------
     0 | D:1      | Gabide the Mummy Berserker began the quest for the Orb.
     0 | D:1      | Reached XP level 1. HP: 18/18 MP: 1/1
   146 | D:1      | Found a faded altar of an unknown god.
   211 | D:1      | Reached XP level 2. HP: 23/24 MP: 2/2
   400 | D:1      | Found Moarphe's Magic Scroll Emporium.
  1191 | D:2      | Reached XP level 3. HP: 16/29 MP: 3/3
  1353 | D:2      | Found an iron altar of Okawaru.
  1388 | D:2      | Reached ** piety under Trog
  1798 | D:2      | Reached XP level 4. HP: 37/37 MP: 4/4
  1965 | D:2      | Reached skill level 4 in Fighting
  2698 | D:3      | Reached XP level 5. HP: 36/42 MP: 5/5
  2776 | D:3      | Noticed Natasha
  2789 | D:3      | Killed Natasha
  3158 | D:3      | Noticed Natasha
  3169 | D:3      | Killed Natasha
  3291 | D:3      | Noticed Natasha
  3308 | D:3      | Killed from afar by Natasha

Illustrated notes

Levels and vault maps discovered:
D:1:      nagdon_arrival_double_spiral, layout_rooms, serial_shops, shop,
          hellmonk_ecumenical_altar_slurped_away, nrook_campfire,
          hangedman_feature_mirror
D:2:      layout_rooms, basic_altar, nicolae_figureground_pulse
D:3:      layout_basic, uniq_natasha

Skill      XL: |  1  2  3  4 |
---------------+-------------+-----
Dodging        | 2 |  2.6
Unarmed Combat | 3 |  3.6
Fighting       | 4 |  4.5
Armour         | |  1.5

Action                   |  1- 3 |  4- 6 || total
-------------------------+-------+-------++-------
Melee: Unarmed           |    96 |    46 ||   142
       Punch             |     3 |     2 ||     5
 Fire: Hunting sling     |    22 |    41 ||    63
Evoke: Wand              |       |     4 ||     4
  Use: Scroll            |     1 |     4 ||     5
 Stab: Sleeping          |     2 |       ||     2
Armor: Animal skin       |    11 |     7 ||    18
Dodge: Dodged            |    62 |    35 ||    97
